AoeStats
← centaurea

Arena

508396102Analyzed
3v3 RM · 10d ago on Sep 22, 2026· 47m 45s· 6 players
Game mode
Random Map
Map size
Normal (6 player)
Population
200
Speed
Normal
Resources
Standard
Victory
Conquest
Starting age
Dark Age
Ending age
Imperial Age
RankedLock teamsTeams togetherTeam positionsShared explorationLock speedFull tech treeHidden civsTurbo modeCheats
Victory
Defeat
🇧🇩 Bohemians · Bangladesh
681
+12
🇧🇩 Magyars · Bangladesh
661
+13
🇧🇩 Romans · Bangladesh
657
+13
🇨🇳 Byzantines · China
677
-16
🇬🇧 Lithuanians · United Kingdom
604
-13
🇩🇰 Portuguese · Denmark
485
-9
Fxzion
11:03 Feudal Age
17:51 Castle Age
16:47 Double-Bit Axe
27:18 Forging
29:56 Scale Barding Armor
30:58 Bloodlines
30:50 Husbandry
41:06 Chain Barding Armor
41:22 Iron Casting
THOR
13:07 Feudal Age
centaurea
11:51 Feudal Age
12:17 Double-Bit Axe
12:14 Horse Collar
18:54 Castle Age
20:49 Gold Mining
22:10 Gold Shaft Mining
21:25 Stone Mining
21:36 Stone Mining
22:54 Stone Shaft Mining
23:16 Elite Skirmisher
25:05 Bow Saw
26:11 Wheelbarrow
25:40 Loom
27:16 Hand Cart
26:44 Pikeman
28:09 Heavy Plow
31:45 Imperial Age
33:42 Logistica
33:52 Elite Cataphract
36:29 Two-Man Saw
36:01 Crop Rotation
36:59 Scale Barding Armor
37:04 Forging
36:57 Scale Mail Armor
ChotoPilot
10:00 Feudal Age
10:27 Double-Bit Axe
14:04 Wheelbarrow
14:33 Gold Mining
15:01 Horse Collar
19:42 Castle Age
17:39 Man-at-Arms
20:49 Long Swordsman
24:17 Heavy Plow
24:47 Stone Mining
26:40 Gold Shaft Mining
26:21 Bow Saw
27:26 Hand Cart
27:42 Scale Mail Armor
36:00 Imperial Age
35:54 Chain Mail Armor
35:51 Forging
36:27 Legionary
46:15 Iron Casting
46:49 Heavy Scorpion
bk1400
7:28 Loom
11:29 Feudal Age
13:47 Scale Barding Armor
14:46 Horse Collar
21:17 Castle Age
19:43 Double-Bit Axe
22:14 Bow Saw
23:39 Chain Barding Armor
23:56 Husbandry
35:46 Imperial Age
34:40 Heavy Plow
34:34 Stone Mining
34:34 Gold Mining
35:33 Elite Skirmisher
37:28 Pikeman
45:19 Two-Man Saw
Ashura
11:02 Feudal Age
12:47 Loom
15:21 Castle Age
13:22 Double-Bit Axe
21:37 Bow Saw
26:21 Redemption
29:26 Wheelbarrow
28:56 Town Watch
29:50 Murder Holes
31:39 Fervor
32:14 Horse Collar
35:58 Imperial Age
35:13 Chemistry
35:46 Hand Cart
35:33 Town Patrol
36:18 Pikeman
37:00 Squires
37:05 Scale Mail Armor
37:16 Forging
36:58 Fletching
38:19 Two-Man Saw
37:22 Heavy Plow
37:15 Halberdier
39:44 Chain Mail Armor
40:04 Iron Casting
40:45 Conscription
40:52 Sappers
45:24 Wagenburg Tactics
47:06 Blast Furnace
46:36 Plate Mail Armor
Connection lost

Rejoining the realm…

Still unreachable

The connection could not be restored.

Session expired

The server has moved on; the page needs a fresh start.